 Dungeon Crawl Stone Soup version 0.27.0-65-ge2af304b15 (webtiles) character file.

Game seed: 8097845014500031966

61 Malachi the Chiller (level 4, -2/33 HPs)
             Began as a Ghoul Ice Elementalist on Aug 19, 2021.
             Slain by a phantom (5 damage)
             ... on level 2 of the Dungeon.
             The game lasted 00:03:49 (2427 turns).

Malachi the Chiller (Ghoul Ice Elementalist)        Turns: 2427, Time: 00:03:50

Health: -2/33      AC:  3    Str: 11    XL:     4   Next: 7%
Magic:  5/5        EV: 11    Int: 11    God:
Gold:   85         SH:  7    Dex:  9    Spells: 5/6 levels left

rFire    . . .     SeeInvis .   (no weapon)
rCold    + . .     Faith    .   g - +3 buckler
rNeg     + + +     Spirit   .   a - +0 robe
rPois    ∞         Reflect  .   (no helmet)
rElec    .         Harm     .   (no cloak)
rCorr    .         Rampage  .   h - +0 pair of gloves
Will     .....                  (no boots)
Stlth    ++........             (no amulet)
HPRegen  0.00/turn              (no ring)
MPRegen  0.09/turn              (no ring)

@: inhibited regen
A: claws 1, cold resistance 1, negative energy resistance 3, inhibited
regeneration, torment resistance 2
a: no special abilities


You were on level 2 of the Dungeon.
You visited 1 branch of the dungeon, and saw 2 of its levels.

You collected 85 gold pieces.

Inventory:

Armour
 a - a +0 robe (worn)
 g - a +3 buckler (worn)
 h - a +0 pair of gloves (worn)
Potions
 c - a potion of heal wounds


   Skills:
 - Level 1.7 Dodging
 - Level 2.2 Stealth
 * Level 3.0 Shields
 - Level 1.7 Spellcasting
 - Level 4.5 Ice Magic


You had 5 spell levels left.
You knew the following spells:

 Your Spells              Type           Power      Damage    Failure   Level
a - Freeze                Ice            40%        1d6       5%          1

Your spell library contained the following spells:

 Spells                   Type           Power      Damage    Failure   Level
 Frozen Ramparts          Ice            20%        1d4       16%         3
 Ozocubu's Armour         Ice            10%        N/A       16%         3
 Hailstorm                Conj/Ice       5%         3d4       78%         4


Dungeon Overview and Level Annotations

Branches:
Dungeon (2/15)

Altars:


Innate Abilities, Weirdness & Mutations

You thrive by killing the living.
You are immune to poison.
You have sharp fingernails.
Your flesh is cold resistant. (rC+)
You are immune to negative energy. (rN+++)
You do not regenerate when monsters are visible.
You are immune to unholy pain and torment.


Message History

The gnoll hits you with a +0 whip of flaming.
The gnoll burns you.
There is a stone staircase leading up here.
The phantom barely misses you. The gnoll misses you.
You climb upwards.
There is a stone staircase leading down here.
Unknown command.
The phantom hits you but does no damage.
There is an open door here.
There is an open door here.
There is an escape hatch in the floor here.
The phantom hits you but does no damage.
You slide downwards.
The hatch slams shut behind you.
Unknown command.
You hit the phantom but do no damage. The phantom hits you.
* * * LOW HITPOINT WARNING * * *
The phantom blinks!
You blink.
You closely miss the phantom.
A giant cockroach comes into view.
You block the phantom's attack.
You hit the phantom.
The phantom is lightly damaged.
The phantom barely misses you.
You closely miss the phantom.
The phantom is lightly damaged.
You block the phantom's attack.
You barely miss the phantom.
The phantom is lightly damaged.
The phantom hits you.
* * * LOW HITPOINT WARNING * * *
You hit the phantom but do no damage.
The phantom is lightly damaged.
The phantom barely misses you.
You barely miss the phantom.
The phantom is lightly damaged.
The phantom closely misses you. The giant cockroach closely misses you.
You hit the phantom.
The phantom is lightly damaged.
The phantom hits you.
You die...

#.. .. #......g.#.# #.# .##
#..###.#.#g# #.####..########
#..#.....#.#
#.#.....##..##.####..#.......#
#.#.....#.....<......#.....###
####.#.....#............#....####
...........#...)........#....#...
........#######W######..#....#...
........##...)..@# #..#....#...
....g....#.....#B### #..#.##.+...
....)....#..............#.##.#...
................#.####.##.#...#.#
........##......#.# #.##.....#.#
........###.###.#.. #.####†..#..
.w......# #.....##.# .. #...###
######### ####### .. .. #...# #..
#...#


You could see a phantom and a giant cockroach.

Vanquished Creatures
  An adder (D:2)
  2 gnolls (D:2)
  A worm (D:1)
  3 endoplasms
  A giant cockroach (D:2)
  3 goblins
  4 hobgoblins
  4 jackals
  A quokka (D:1)
  2 ball pythons
  2 bats
  2 kobolds
  A rat (D:2)
27 creatures vanquished.

Notes
Turn   | Place    | Note
-------+----------+-------------------------------------------
     0 | D:1      | Malachi the Ghoul Ice Elementalist began the quest for the
                  | Orb.
     0 | D:1      | Reached XP level 1. HP: 14/14 MP: 2/2
   566 | D:1      | Reached skill level 1 in Shields
   566 | D:1      | Reached XP level 2. HP: 20/20 MP: 0/3
   613 | D:1      | Found a faded altar of an unknown god.
  1315 | D:2      | Reached XP level 3. HP: 9/26 MP: 0/4
  2022 | D:2      | Noticed a phantom
  2358 | D:2      | Reached XP level 4. HP: 33/33 MP: 0/5
  2427 | D:2      | Slain by a phantom

Illustrated notes

Levels and vault maps discovered:
D:1:      minmay_arrival_four_houses, layout_loops_corners,
          chequers_ecumenical_altar_simple_redux
D:2:      layout_basic, uniq_crazy_yiuf_cottage

Skill      XL: |  1  2  3 |
---------------+----------+-----
Shields        | 1 2 3 |  3.0
Dodging        | |  1.7
Stealth        | |  2.2
Spellcasting   | |  1.7
Ice Magic      | |  4.5

Action                   |  1- 3 |  4- 6 || total
-------------------------+-------+-------++-------
Melee: Unarmed           |    38 |     8 ||    46
 Cast: Freeze            |    46 |       ||    46
  Use: Scroll            |     5 |       ||     5
 Stab: Sleeping          |     1 |       ||     1
Armor: Robe              |    15 |     3 ||    18
Dodge: Dodged            |    38 |     6 ||    44
Block: Buckler           |    14 |     3 ||    17
